 Dungeon Crawl Stone Soup version 0.27-a0-1347-gd8886f0a89 (webtiles) character file.

Game seed: 3260683860854665125

27 Lanoc the Digger (level 2, -3/19 HPs)
             Began as a Demonspawn Earth Elementalist on June 27, 2021.
             Slain by Terence (9 damage)
             ... on level 2 of the Dungeon.
             The game lasted 00:01:10 (1099 turns).

Lanoc the Digger (Demonspawn Earth Elementalist)    Turns: 1099, Time: 00:01:11

Health: -3/19      AC:  2    Str:  8    XL:     2   Next: 93%
Magic:  0/5        EV: 12    Int: 16    God:
Gold:   42         SH:  0    Dex: 13    Spells: 4/5 levels left

rFire    . . .     SeeInvis .   f - +4 spear (freeze)
rCold    . . .     Faith    +   (no shield)
rNeg     . . .     Spirit   .   b - +0 robe
rPois    .         Reflect  .   (no helmet)
rElec    .         Harm     .   (no cloak)
rCorr    .         Rampage  .   (no gloves)
Will     .....                  (no boots)
Stlth    ++........             j - amulet of faith
HPRegen  0.06/turn              a - ring of wizardry
MPRegen  0.09/turn              (no ring)

@: no status effects
A: spiny 1
a: no special abilities


You were on level 2 of the Dungeon.
You visited 1 branch of the dungeon, and saw 2 of its levels.

You collected 42 gold pieces.

Inventory:

Hand Weapons
 f - a +4 spear of freezing (weapon)
Missiles
 c - 37 stones
Armour
 b - a +0 robe (worn)
Jewellery
 a - a ring of wizardry (left hand)
 j - an amulet of faith (around neck)
Scrolls
 g - a scroll of magic mapping {unknown}
 h - 2 scrolls of teleportation {unknown}
 k - 2 scrolls of enchant weapon {unknown}
 l - 2 scrolls of identify {unknown}
Potions
 d - a potion of lignification {unknown}
 e - a potion of haste {unknown}
 i - a potion of mutation {unknown}


   Skills:
 + Level 2.3 Dodging
 - Level 1.7 Stealth
 - Level 2.0 Spellcasting
 - Level 0.8 Transmutations
 * Level 3.4 Earth Magic


You had 4 spell levels left.
You knew the following spells:

 Your Spells              Type           Power      Damage    Failure   Level
a - Sandblast             Erth           24%        2d8       1%          1

Your spell library contained the following spells:

 Spells                   Type           Power      Damage    Failure   Level
 Passwall                 Tmut/Erth      6%         N/A       5%          2
 Summon Small Mammal      Summ           4%         N/A       9%          1
 Call Imp                 Summ           1%         N/A       12%         2
 Stone Arrow              Conj/Erth      14%        3d7       12%         3
 Call Canine Familiar     Summ           1%         N/A       24%         3
 Summon Guardian Golem    Hex/Summ       1%         N/A       24%         3
 Petrify                  Tmut/Erth      8%         N/A       32%         4
 Summon Ice Beast         Ice/Summ       1%         N/A       58%         4
 Summon Lightning Spire   Summ/Air       1%         N/A       58%         4
 Lee's Rapid Deconstruct  Erth           6%         3d7*      45%         5


Dungeon Overview and Level Annotations

Branches:
Dungeon (2/15)

Altars:

Annotations:
D:2 Terence


Innate Abilities, Weirdness & Mutations

You are partially covered in sharp spines.


Message History

Aim: Terence, wielding a +0 hand axe and wearing a +0 scale mail (82% to hit)
The blast of sand hits Terence.
Terence is lightly wounded.
Terence closely misses you.
Casting: Sandblast (safe; 1% risk of failure)
Confirm with . or Enter, or press ? or * to list all spells.
Aiming: Sandblast (safe; 1% risk of failure)
Press: ? - help, Shift-Dir - straight line, f/p - Terence
Aim: Terence, wielding a +0 hand axe and wearing a +0 scale mail (82% to hit)
The blast of sand misses Terence.
Terence is struck by your spines. Terence barely misses you.
You barely miss Terence.
Terence is lightly wounded.
Terence misses you.
You hit Terence. You freeze Terence.
Terence is moderately wounded.
Terence shouts, "Get ready for death!"
Terence hits you with a +0 hand axe.
You hit Terence but do no damage.
Terence is moderately wounded.
Terence is struck by your spines. Terence hits you with a +0 hand axe.
You hit Terence but do no damage.
Terence is heavily wounded.
Terence hits you with a +0 hand axe.
You are too injured to fight recklessly!
You closely miss Terence.
Terence is heavily wounded.
Terence barely misses you.
You closely miss Terence.
Terence is heavily wounded.
Terence hits you with a +0 hand axe.
Casting: Sandblast (safe; 1% risk of failure)
Confirm with . or Enter, or press ? or * to list all spells.
Aiming: Sandblast (safe; 1% risk of failure)
Press: ? - help, Shift-Dir - straight line, f/p - Terence
Aim: Terence, wielding a +0 hand axe and wearing a +0 scale mail (heavily wounded, 82% to hit)
The blast of sand misses Terence.
The blast of sand hits the worm.
The worm is moderately wounded.
Terence hits you with a +0 hand axe!
You die...

#.# #.# #.# #.#
#.###########.#
..............#
.#####.#######
##$#######.
#.†@@w.....
#..########
#..# #..# ...#
..... ####.# #.


You could see Terence and a worm.

Vanquished Creatures
  An adder (D:2)
  A dart slug (D:1)
  3 giant cockroaches (D:1)
  2 goblins (D:1)
  A hobgoblin (D:1)
  2 kobolds (D:1)
  A quokka (D:1)
  2 ball pythons
  2 frilled lizards (D:1)
  2 rats (D:1)
17 creatures vanquished.

Notes
Turn   | Place    | Note
-------+----------+-------------------------------------------
     0 | D:1      | Lanoc the Demonspawn Earth Elementalist began the quest for
                  | the Orb.
     0 | D:1      | Reached XP level 1. HP: 13/13 MP: 3/3
   245 | D:1      | Reached skill level 3 in Earth Magic
   381 | D:1      | Gained mutation: You are partially covered in sharp spines.
                  | [demonic ancestry]
   381 | D:1      | Reached XP level 2. HP: 19/19 MP: 1/5
  1086 | D:2      | Noticed Terence
  1099 | D:2      | Slain by Terence

Illustrated notes

Levels and vault maps discovered:
D:1:      lemuel_arrival_rhombus, layout_loops_ring
D:2:      layout_loops_ring, chequers_ecumenical_altar_simple, uniq_terence,
          uniq_sigmund

Skill      XL: |  1 |
---------------+----+-----
Dodging        | 2 |  2.3
Earth Magic    | 3 |  3.4
Stealth        | |  1.7
Spellcasting   | |  2.0
Transmutations | |  0.8

Action                   || total
-------------------------++-------
Melee: Spear             ||    31
 Cast: Sandblast         ||    12
 Stab: Sleeping          ||     4
Armor: Robe              ||     3
Dodge: Dodged            ||    19

Table legend: (Time is in decaauts)
 A = Elapsed time spent in this place.
 B = Non-inter-level travel time spent in this place.
 C = Inter-level travel time spent in this place.
 D = Time resting spent in this place.
 E = Time spent auto-exploring this place.
 F = Levels seen in this place.
 G = Mean time per level.
                   A        B        C        D        E       F      G
               +--------+--------+--------+--------+--------+-----+--------+
         Total |   1100 |   1061 |     39 |      0 |    943 |   2 |  550.0 |
       Dungeon |   1100 |   1061 |     39 |      0 |    943 |   2 |  550.0 |
               +--------+--------+--------+--------+--------+-----+--------+

Top non-repeatable levels by time:
     D:1: 932 daAuts
     D:2: 168 daAuts
